[ AOE2 MATCH · #485823629 ]
UnrankedPortuguese vs Turks
[ REPLAY ANALYSIS · EXTRACTED FROM THE RECORDED GAME ]
Feudal
10:06
Castle
13:36
Imperial
—
| APM avg | 64.3 |
| APM peak | 123 |
| eAPM avg | 31.9 |
| Villagers / military | 68 / 21 |
Focus
⚔️ 48.5% · 🌾 51.5%
Organ Gun ×17 · Monk ×4
Feudal
11:01
Castle
23:48
Imperial
28:16
| APM avg | 46.7 |
| APM peak | 88 |
| eAPM avg | 23.6 |
| Villagers / military | 49 / 48 |
Focus
⚔️ 35.0% · 🌾 65.0%
Scout Cavalry ×34 · Petard ×6 · Bombard Cannon ×4 · Janissary ×3 · Trebuchet (Packed) ×1
Feudal
8:19
Castle
19:13
Imperial
30:44
| APM avg | 41.8 |
| APM peak | 109 |
| eAPM avg | 29.5 |
| Villagers / military | 133 / 17 |
Focus
⚔️ 38.1% · 🌾 61.9%
Battle Elephant ×11 · Battering Ram ×3 · Karambit Warrior ×3
Feudal
8:25
Castle
28:32
Imperial
—
| APM avg | 42.3 |
| APM peak | 94 |
| eAPM avg | 25.8 |
| Villagers / military | 113 / 51 |
Focus
⚔️ 45.3% · 🌾 54.7%
Steppe Lancer ×47 · Knight ×4
Feudal
8:46
Castle
—
Imperial
—
| APM avg | 38.3 |
| APM peak | 68 |
| eAPM avg | 20.5 |
| Villagers / military | 57 / 43 |
Focus
⚔️ 48.8% · 🌾 51.2%
Archer ×38 · Skirmisher ×5
Feudal
11:22
Castle
15:00
Imperial
—
| APM avg | 60.2 |
| APM peak | 138 |
| eAPM avg | 26.6 |
| Villagers / military | 92 / 65 |
Focus
⚔️ 44.6% · 🌾 55.4%
Longbowman ×59 · Mangonel ×4 · Battering Ram ×2
Match map
Initial resources + every placement click. Lines = walls · curves = elevation contours. ◆ gold · ⬟ stone · ● berries · ✦ relic · ◌ wall gap
Your base· ✓ Closed at 13:36 · 0t walls · 2 gate(s)
JustSomePlayer's base· ✓ Closed at 23:48 · 3t walls · 4 gate(s)
Oni.JorDan_AoE's base· ✓ Closed at 19:13 · 2t walls · 4 gate(s)
Oni.Nego's base· ✓ Closed at 28:32 · 0t walls · 2 gate(s)
Oni.DauT's base· ✓ Closed at 12:00 · 0t walls · 3 gate(s)
WackieChan_'s base· ✓ Closed at 15:00 · 1t walls · 4 gate(s)
Smoothed initial terrain · ◌ = detected wall gap · hover for details
Inputs per minute
— Oni.TheViper - - JustSomePlayer
Build order — Oni.TheViper
First 150 of 177 actions detected
| 0:00 | Create | Villager (Male) |
| 0:01 | Create | Villager (Male) |
| 0:01 | Build | House |
| 0:02 | Build | House |
| 0:06 | Create | Villager (Male) |
| 0:09 | Create | Villager (Male) |
| 1:26 | Create | Villager (Male) |
| 1:43 | Build | Lumber Camp |
| 1:47 | Create | Villager (Male) |
| 2:20 | Create | Villager (Male) |
| 2:48 | Create | Villager (Male) |
| 2:56 | Create | Villager (Male) |
| 3:17 | Create | Villager (Male) |
| 3:38 | Create | Villager (Male) |
| 3:51 | Build | House |
| 4:03 | Build | Mill |
| 4:05 | Create | Villager (Male) |
| 4:21 | Create | Villager (Male) |
| 4:59 | Create | Villager (Male) |
| 5:03 | Create | Villager (Male) |
| 5:56 | Build | House |
| 6:02 | Create | Villager (Male) |
| 6:25 | Build | Mill |
| 6:28 | Create | Villager (Male) |
| 6:59 | Create | Villager (Male) |
| 7:30 | Create | Villager (Male) |
| 7:34 | Build | Mining Camp |
| 7:53 | Research | Feudal Age |
| 9:25 | Create | Villager (Male) |
| 9:25 | Create | Villager (Male) |
| 10:06 | Age | Feudal Age |
| 10:08 | Build | Market |
| 10:09 | Build | Blacksmith |
| 10:18 | Create | Villager (Male) |
| 10:47 | Research | Castle Age |
| 11:11 | Build | House |
| 11:13 | Build | House |
| 11:17 | Build | House |
| 11:28 | Research | Double-Bit Axe |
| 11:42 | Build | House |
| 11:46 | Build | House |
| 12:39 | Create | Villager (Male) |
| 12:39 | Create | Villager (Male) |
| 13:36 | Age | Castle Age |
| 13:39 | Build | Castle |
| 13:44 | Create | Villager (Male) |
| 14:00 | Research | Loom |
| 14:04 | Build | Monastery |
| 14:11 | Create | Villager (Male) |
| 14:18 | Create | Villager (Male) |
| 14:21 | Build | Mining Camp |
| 14:38 | Create | Villager (Male) |
| 14:49 | Build | Castle |
| 14:53 | Build | Palisade Wall |
| 14:53 | Build | Palisade Wall |
| 15:38 | Create | Monk |
| 15:42 | Build | House |
| 15:43 | Build | House |
| 16:00 | Build | Castle |
| 16:20 | Build | Castle |
| 16:21 | Build | Palisade Wall |
| 16:22 | Build | Palisade Wall |
| 16:38 | Build | Palisade Wall |
| 16:39 | Build | Palisade Wall |
| 16:40 | Build | Palisade Wall |
| 16:41 | Create | Villager (Male) |
| 16:55 | Build | Castle |
| 17:12 | Build | Farm |
| 17:35 | Build | Palisade Gate |
| 17:40 | Build | Palisade Gate |
| 17:49 | Build | Castle |
| 17:51 | Build | Palisade Wall |
| 18:01 | Create | Villager (Male) |
| 18:03 | Build | Farm |
| 18:04 | Build | Farm |
| 18:11 | Create | Monk |
| 18:32 | Build | Castle |
| 18:40 | Build | Monastery |
| 18:43 | Build | Farm |
| 18:44 | Build | Farm |
| 19:13 | Create | Villager (Male) |
| 19:14 | Create | Villager (Male) |
| 19:17 | Research | Bow Saw |
| 19:18 | Create | Villager (Male) |
| 19:29 | Research | Sanctity |
| 19:37 | Create | Monk |
| 19:38 | Create | Villager (Male) |
| 19:57 | Build | Farm |
| 20:01 | Build | House |
| 20:01 | Build | House |
| 20:05 | Create | Villager (Male) |
| 20:36 | Create | Monk |
| 20:40 | Create | Villager (Male) |
| 20:46 | Build | Lumber Camp |
| 20:57 | Create | Organ Gun |
| 20:57 | Create | Organ Gun |
| 20:57 | Create | Organ Gun |
| 21:08 | Create | Organ Gun |
| 21:09 | Create | Villager (Male) |
| 21:33 | Create | Villager (Male) |
| 21:42 | Research | Horse Collar |
| 21:42 | Create | Villager (Male) |
| 21:50 | Create | Organ Gun |
| 22:07 | Create | Organ Gun |
| 22:08 | Create | Villager (Male) |
| 22:12 | Create | Villager (Male) |
| 22:22 | Build | Town Center |
| 22:30 | Create | Villager (Male) |
| 22:42 | Create | Organ Gun |
| 22:59 | Create | Organ Gun |
| 22:59 | Create | Villager (Male) |
| 23:15 | Create | Organ Gun |
| 23:15 | Create | Villager (Male) |
| 23:40 | Build | Town Center |
| 23:50 | Create | Villager (Male) |
| 24:05 | Create | Organ Gun |
| 24:08 | Create | Villager (Male) |
| 24:10 | Create | Villager (Male) |
| 24:28 | Create | Villager (Male) |
| 24:36 | Create | Organ Gun |
| 24:37 | Create | Villager (Male) |
| 24:51 | Create | Organ Gun |
| 25:00 | Create | Villager (Male) |
| 25:01 | Build | Farm |
| 25:02 | Build | Farm |
| 25:06 | Build | Farm |
| 25:09 | Create | Organ Gun |
| 25:16 | Create | Villager (Male) |
| 25:22 | Build | Farm |
| 25:22 | Build | Farm |
| 25:23 | Build | Farm |
| 25:38 | Create | Villager (Male) |
| 25:40 | Create | Organ Gun |
| 25:46 | Create | Organ Gun |
| 25:50 | Build | Farm |
| 25:53 | Build | Farm |
| 25:56 | Create | Villager (Male) |
| 26:06 | Create | Organ Gun |
| 26:07 | Create | Villager (Male) |
| 26:31 | Create | Villager (Male) |
| 26:48 | Create | Villager (Male) |
| 26:50 | Create | Villager (Male) |
| 27:06 | Build | Farm |
| 27:11 | Build | Farm |
| 27:11 | Build | Farm |
| 27:12 | Build | Farm |
| 27:13 | Build | Farm |
| 27:25 | Build | Farm |
| 27:25 | Build | Farm |
| 27:27 | Build | Farm |
Build order — JustSomePlayer
First 150 of 174 actions detected
| 0:00 | Create | Villager (Male) ×4 |
| 0:01 | Build | House |
| 0:02 | Build | House |
| 1:27 | Create | Villager (Male) |
| 1:52 | Create | Villager (Male) |
| 1:56 | Build | Lumber Camp |
| 2:04 | Create | Villager (Male) |
| 2:46 | Create | Villager (Male) |
| 3:01 | Create | Villager (Male) |
| 3:11 | Build | House |
| 3:26 | Create | Villager (Male) |
| 3:34 | Build | Palisade Gate |
| 3:40 | Build | Palisade Gate |
| 3:59 | Create | Villager (Male) |
| 4:06 | Build | House |
| 4:25 | Create | Villager (Male) |
| 4:30 | Build | Palisade Wall |
| 4:32 | Build | Palisade Wall |
| 4:35 | Build | Palisade Wall |
| 4:51 | Create | Villager (Male) |
| 5:23 | Create | Villager (Male) |
| 5:33 | Create | Villager (Male) |
| 6:02 | Build | Mill |
| 6:09 | Create | Villager (Male) |
| 6:22 | Build | Lumber Camp |
| 6:32 | Create | Villager (Male) |
| 6:50 | Create | Villager (Male) |
| 7:32 | Create | Villager (Male) |
| 7:35 | Build | House |
| 7:57 | Create | Villager (Male) |
| 8:05 | Build | Farm |
| 8:07 | Build | Farm |
| 8:18 | Create | Villager (Male) |
| 8:26 | Build | Barracks |
| 8:51 | Research | Feudal Age |
| 10:04 | Create | Villager (Male) |
| 10:05 | Create | Villager (Male) |
| 10:38 | Build | House |
| 10:42 | Build | Farm |
| 10:44 | Build | Farm |
| 10:46 | Build | Farm |
| 11:01 | Age | Feudal Age |
| 11:02 | Build | Stable |
| 11:04 | Build | Stable |
| 11:24 | Build | Farm |
| 11:28 | Create | Villager (Male) |
| 11:37 | Research | Wheelbarrow |
| 11:50 | Build | Blacksmith |
| 11:54 | Create | Scout Cavalry |
| 11:55 | Create | Scout Cavalry |
| 12:09 | Research | Horse Collar |
| 12:10 | Create | Scout Cavalry |
| 12:10 | Create | Scout Cavalry |
| 12:31 | Create | Scout Cavalry |
| 12:32 | Create | Scout Cavalry |
| 12:40 | Build | Farm |
| 12:43 | Build | Farm |
| 12:49 | Research | Scale Barding Armor |
| 13:24 | Create | Villager (Male) |
| 13:24 | Create | Scout Cavalry |
| 13:40 | Create | Scout Cavalry |
| 13:53 | Create | Villager (Male) |
| 14:01 | Create | Scout Cavalry |
| 14:11 | Build | Farm |
| 14:11 | Build | Farm |
| 14:11 | Build | Farm |
| 14:11 | Build | Farm |
| 14:12 | Create | Villager (Male) |
| 14:17 | Build | House |
| 14:18 | Build | House |
| 14:25 | Create | Scout Cavalry |
| 14:51 | Create | Scout Cavalry |
| 15:00 | Create | Scout Cavalry |
| 15:15 | Create | Scout Cavalry |
| 15:32 | Create | Scout Cavalry |
| 15:33 | Create | Scout Cavalry |
| 15:54 | Create | Scout Cavalry |
| 15:58 | Create | Villager (Male) |
| 16:02 | Build | Farm |
| 16:02 | Build | Farm |
| 16:03 | Build | Farm |
| 16:03 | Build | Farm |
| 16:16 | Create | Villager (Male) |
| 16:29 | Create | Scout Cavalry |
| 16:33 | Create | Villager (Male) |
| 16:51 | Create | Villager (Male) |
| 16:57 | Research | Bloodlines |
| 17:01 | Create | Villager (Male) |
| 17:06 | Build | Mining Camp |
| 17:19 | Create | Villager (Male) |
| 17:31 | Create | Scout Cavalry |
| 17:57 | Create | Scout Cavalry |
| 17:57 | Create | Scout Cavalry |
| 18:11 | Create | Villager (Male) |
| 18:12 | Create | Scout Cavalry |
| 18:33 | Build | House |
| 18:33 | Build | House |
| 18:33 | Build | House |
| 18:46 | Build | Market |
| 18:48 | Research | Double-Bit Axe |
| 18:51 | Create | Scout Cavalry |
| 19:01 | Create | Scout Cavalry |
| 19:20 | Research | Loom |
| 19:31 | Build | Farm |
| 19:45 | Create | Villager (Male) |
| 19:50 | Build | Farm |
| 20:06 | Create | Villager (Male) |
| 20:12 | Build | Mining Camp |
| 20:38 | Create | Villager (Male) |
| 20:59 | Build | Mining Camp |
| 21:08 | Research | Castle Age |
| 21:30 | Build | Farm |
| 21:43 | Research | Stone Mining |
| 21:47 | Research | Gold Mining |
| 22:06 | Create | Villager (Male) |
| 23:48 | Age | Castle Age |
| 23:57 | Create | Villager (Male) |
| 23:59 | Build | University |
| 24:01 | Build | Monastery |
| 24:15 | Create | Villager (Male) |
| 25:06 | Research | Imperial Age |
| 25:17 | Create | Scout Cavalry |
| 25:35 | Build | Farm |
| 25:40 | Create | Scout Cavalry |
| 25:45 | Create | Scout Cavalry |
| 26:17 | Build | Castle |
| 26:19 | Create | Scout Cavalry |
| 26:26 | Create | Scout Cavalry |
| 26:39 | Create | Villager (Male) |
| 26:53 | Create | Scout Cavalry |
| 27:09 | Create | Janissary |
| 27:15 | Build | Siege Workshop |
| 27:32 | Create | Scout Cavalry |
| 27:33 | Create | Scout Cavalry |
| 27:37 | Build | Lumber Camp |
| 27:42 | Create | Janissary |
| 28:16 | Age | Imperial Age |
| 28:18 | Create | Bombard Cannon |
| 28:20 | Create | Scout Cavalry |
| 28:20 | Create | Scout Cavalry |
| 28:28 | Create | Trebuchet (Packed) |
| 28:31 | Create | Villager (Male) |
| 28:45 | Create | Scout Cavalry |
| 28:55 | Create | Bombard Cannon |
| 29:04 | Create | Villager (Male) |
| 29:26 | Create | Petard |
| 29:26 | Create | Petard |
| 29:40 | Build | Farm |
| 29:45 | Create | Bombard Cannon |
| 29:56 | Create | Villager (Male) |
Build order — Oni.JorDan_AoE
First 150 of 296 actions detected
| 0:01 | Create | Villager (Male) |
| 0:01 | Create | Villager (Male) |
| 0:01 | Create | Villager (Male) |
| 0:02 | Build | House |
| 0:03 | Build | House |
| 0:08 | Build | House |
| 0:41 | Create | Villager (Male) |
| 0:41 | Create | Villager (Male) |
| 0:41 | Create | Villager (Male) |
| 1:37 | Create | Villager (Male) |
| 1:37 | Create | Villager (Male) |
| 1:37 | Create | Villager (Male) |
| 1:37 | Create | Villager (Male) |
| 1:43 | Build | Lumber Camp |
| 1:56 | Create | Villager (Male) |
| 2:24 | Create | Villager (Male) |
| 2:24 | Create | Villager (Male) |
| 2:24 | Create | Villager (Male) |
| 2:24 | Create | Villager (Male) |
| 2:53 | Create | Villager (Male) |
| 3:10 | Create | Villager (Male) |
| 3:10 | Create | Villager (Male) |
| 3:10 | Create | Villager (Male) |
| 3:33 | Create | Villager (Male) |
| 3:33 | Create | Villager (Male) |
| 3:53 | Build | House |
| 4:06 | Create | Villager (Male) |
| 4:06 | Create | Villager (Male) |
| 4:25 | Create | Villager (Male) |
| 4:47 | Create | Villager (Male) |
| 5:41 | Build | Mining Camp |
| 5:50 | Create | Villager (Male) |
| 5:50 | Create | Villager (Male) |
| 6:06 | Research | Loom |
| 6:17 | Build | House |
| 6:53 | Research | Feudal Age |
| 6:54 | Research | Feudal Age |
| 6:59 | Create | Villager (Male) |
| 8:09 | Build | House |
| 8:19 | Age | Feudal Age |
| 8:21 | Create | Villager (Male) |
| 8:21 | Create | Villager (Male) |
| 8:24 | Research | Double-Bit Axe |
| 8:31 | Create | Villager (Male) |
| 8:57 | Build | Watch Tower |
| 9:01 | Build | Palisade Gate |
| 9:20 | Create | Villager (Male) |
| 9:24 | Build | Mill |
| 9:33 | Create | Villager (Male) |
| 9:54 | Create | Villager (Male) |
| 10:08 | Build | House |
| 10:16 | Create | Villager (Male) |
| 10:58 | Build | Farm |
| 10:58 | Create | Villager (Male) |
| 11:23 | Build | House |
| 11:27 | Create | Villager (Male) |
| 11:27 | Create | Villager (Male) |
| 11:31 | Build | Blacksmith |
| 11:57 | Create | Villager (Male) |
| 11:58 | Create | Villager (Male) |
| 12:24 | Create | Villager (Male) |
| 12:33 | Build | Watch Tower |
| 12:36 | Create | Villager (Male) |
| 12:37 | Build | Farm |
| 12:40 | Research | Fletching |
| 12:48 | Create | Villager (Male) |
| 13:14 | Create | Villager (Male) |
| 13:16 | Build | Farm |
| 13:18 | Build | Farm |
| 13:22 | Build | Farm |
| 13:25 | Build | Farm |
| 13:38 | Create | Villager (Male) |
| 14:03 | Create | Villager (Male) |
| 14:04 | Build | Farm |
| 14:06 | Build | Farm |
| 14:08 | Build | Farm |
| 14:17 | Create | Villager (Male) |
| 14:26 | Research | Town Watch |
| 14:34 | Build | Palisade Wall |
| 14:38 | Create | Villager (Male) |
| 14:39 | Create | Villager (Male) |
| 14:53 | Create | Villager (Male) |
| 14:53 | Create | Villager (Male) |
| 15:05 | Build | Farm |
| 15:06 | Build | Farm |
| 15:40 | Build | Farm |
| 16:00 | Build | Watch Tower |
| 16:13 | Build | Lumber Camp |
| 16:17 | Build | Farm |
| 16:18 | Build | Farm |
| 16:20 | Build | Farm |
| 16:26 | Build | Market |
| 16:38 | Create | Villager (Male) |
| 16:56 | Build | Mining Camp |
| 17:01 | Create | Villager (Male) |
| 17:15 | Build | House |
| 17:31 | Research | Castle Age |
| 17:49 | Build | Palisade Wall |
| 18:04 | Create | Villager (Male) |
| 19:13 | Age | Castle Age |
| 19:17 | Build | Town Center |
| 19:19 | Research | Bow Saw |
| 19:21 | Create | Villager (Male) |
| 19:50 | Create | Villager (Male) |
| 19:58 | Research | Horse Collar |
| 20:04 | Build | House |
| 20:16 | Create | Villager (Male) |
| 20:16 | Create | Villager (Male) |
| 20:18 | Build | House |
| 20:21 | Build | Palisade Wall |
| 20:22 | Build | House |
| 20:23 | Create | Villager (Male) |
| 20:23 | Create | Villager (Male) |
| 20:23 | Create | Villager (Male) |
| 20:25 | Build | Palisade Wall |
| 20:26 | Create | Villager (Male) |
| 20:27 | Create | Villager (Male) |
| 20:27 | Build | Watch Tower |
| 20:37 | Create | Villager (Male) |
| 20:38 | Create | Villager (Male) |
| 20:38 | Create | Villager (Male) |
| 20:42 | Research | Bodkin Arrow |
| 20:47 | Build | Farm |
| 20:50 | Create | Villager (Male) |
| 21:06 | Create | Villager (Male) |
| 21:07 | Create | Villager (Male) |
| 21:11 | Build | Farm |
| 21:17 | Research | Heavy Plow |
| 21:17 | Research | Heavy Plow |
| 21:26 | Create | Villager (Male) |
| 21:40 | Build | Farm |
| 21:42 | Create | Villager (Male) |
| 21:47 | Build | Farm |
| 22:03 | Create | Villager (Male) |
| 22:05 | Build | Town Center |
| 22:08 | Research | Wheelbarrow |
| 22:10 | Create | Villager (Male) |
| 22:13 | Create | Villager (Male) |
| 22:14 | Create | Villager (Male) |
| 22:28 | Create | Villager (Male) |
| 22:37 | Build | Farm |
| 22:38 | Build | Farm |
| 22:39 | Build | House |
| 22:45 | Create | Villager (Male) |
| 22:45 | Create | Villager (Male) |
| 22:53 | Create | Villager (Male) |
| 22:54 | Create | Villager (Male) |
| 23:08 | Build | Farm |
| 23:09 | Build | Farm |
| 23:11 | Build | Farm |
Build order — Oni.Nego
First 150 of 252 actions detected
| 0:00 | Create | Villager (Male) |
| 0:01 | Create | Villager (Male) |
| 0:01 | Create | Villager (Male) |
| 0:02 | Build | House |
| 0:03 | Build | House |
| 0:11 | Create | Villager (Male) |
| 1:24 | Create | Villager (Male) |
| 1:25 | Create | Villager (Male) |
| 1:54 | Create | Villager (Male) |
| 1:55 | Create | Villager (Male) |
| 2:11 | Build | Lumber Camp |
| 2:17 | Create | Villager (Male) |
| 2:17 | Create | Villager (Male) |
| 2:37 | Create | Villager (Male) |
| 2:37 | Create | Villager (Male) |
| 2:44 | Create | Villager (Male) |
| 3:02 | Create | Villager (Male) |
| 3:02 | Create | Villager (Male) |
| 3:09 | Build | House |
| 3:16 | Build | House |
| 3:21 | Create | Villager (Male) |
| 3:53 | Create | Villager (Male) |
| 3:53 | Create | Villager (Male) |
| 4:36 | Build | Mill |
| 5:05 | Create | Villager (Male) |
| 5:05 | Create | Villager (Male) |
| 5:05 | Create | Villager (Male) |
| 6:15 | Research | Feudal Age |
| 8:01 | Build | House |
| 8:13 | Create | Villager (Male) |
| 8:25 | Age | Feudal Age |
| 8:45 | Create | Villager (Male) |
| 8:54 | Build | Town Center |
| 9:03 | Create | Villager (Male) |
| 9:15 | Create | Villager (Male) |
| 9:31 | Create | Villager (Male) |
| 9:49 | Build | Mining Camp |
| 9:52 | Create | Villager (Male) |
| 9:56 | Create | Villager (Male) |
| 9:56 | Create | Villager (Male) |
| 10:19 | Build | Watch Tower |
| 10:32 | Create | Villager (Male) |
| 10:39 | Create | Villager (Male) |
| 11:00 | Create | Villager (Male) |
| 11:00 | Create | Villager (Male) |
| 11:08 | Research | Loom |
| 11:08 | Create | Villager (Male) |
| 11:09 | Create | Villager (Male) |
| 11:31 | Build | Blacksmith |
| 11:49 | Build | House |
| 12:44 | Create | Villager (Male) |
| 12:48 | Build | Farm |
| 12:49 | Build | Farm |
| 12:50 | Build | Farm |
| 13:00 | Build | House |
| 13:28 | Build | Farm |
| 13:44 | Create | Villager (Male) |
| 13:44 | Create | Villager (Male) |
| 14:01 | Create | Villager (Male) |
| 14:07 | Build | Watch Tower |
| 14:11 | Create | Villager (Male) |
| 14:11 | Create | Villager (Male) |
| 14:17 | Research | Fletching |
| 14:18 | Research | Fletching |
| 14:28 | Build | House |
| 14:32 | Build | House |
| 14:58 | Create | Villager (Male) |
| 15:04 | Build | Watch Tower |
| 15:11 | Build | House |
| 15:19 | Build | Watch Tower |
| 15:20 | Build | House |
| 15:33 | Build | Farm |
| 15:56 | Build | House |
| 15:58 | Build | Farm |
| 16:00 | Build | Farm |
| 16:23 | Create | Villager (Male) |
| 16:23 | Create | Villager (Male) |
| 17:00 | Build | Watch Tower |
| 17:02 | Create | Villager (Male) |
| 17:03 | Create | Villager (Male) |
| 17:25 | Create | Villager (Male) |
| 17:25 | Create | Villager (Male) |
| 17:41 | Create | Villager (Male) |
| 17:42 | Create | Villager (Male) |
| 17:49 | Create | Villager (Male) |
| 17:50 | Create | Villager (Male) |
| 18:01 | Build | Watch Tower |
| 18:11 | Create | Villager (Male) |
| 18:11 | Create | Villager (Male) |
| 18:34 | Create | Villager (Male) |
| 18:36 | Build | House |
| 18:37 | Build | House |
| 19:04 | Create | Villager (Male) |
| 19:17 | Create | Villager (Male) |
| 19:17 | Create | Villager (Male) |
| 19:33 | Build | House |
| 19:38 | Build | Farm |
| 19:39 | Build | Farm |
| 19:40 | Create | Villager (Male) |
| 19:54 | Create | Villager (Male) |
| 19:54 | Create | Villager (Male) |
| 20:05 | Build | Farm |
| 20:08 | Build | Farm |
| 20:09 | Create | Villager (Male) |
| 20:20 | Build | House |
| 20:20 | Create | Villager (Male) |
| 20:21 | Create | Villager (Male) |
| 20:40 | Build | Watch Tower |
| 20:40 | Create | Villager (Male) |
| 20:41 | Create | Villager (Male) |
| 20:41 | Create | Villager (Male) |
| 20:56 | Create | Villager (Male) |
| 20:56 | Create | Villager (Male) |
| 21:31 | Build | House |
| 21:32 | Create | Villager (Male) |
| 21:32 | Create | Villager (Male) |
| 21:32 | Create | Villager (Male) |
| 21:33 | Create | Villager (Male) |
| 21:33 | Create | Villager (Male) |
| 21:34 | Create | Villager (Male) |
| 21:34 | Create | Villager (Male) |
| 21:49 | Create | Villager (Male) |
| 21:55 | Build | Farm |
| 21:55 | Build | Farm |
| 21:56 | Build | Farm |
| 21:57 | Create | Villager (Male) |
| 21:57 | Create | Villager (Male) |
| 21:57 | Create | Villager (Male) |
| 22:18 | Create | Villager (Male) |
| 22:18 | Create | Villager (Male) |
| 22:23 | Create | Villager (Male) |
| 22:24 | Create | Villager (Male) |
| 22:28 | Research | Double-Bit Axe |
| 23:14 | Create | Villager (Male) |
| 23:15 | Create | Villager (Male) |
| 23:21 | Create | Villager (Male) |
| 23:21 | Create | Villager (Male) |
| 23:21 | Create | Villager (Male) |
| 23:21 | Create | Villager (Male) |
| 23:23 | Create | Villager (Male) |
| 23:24 | Create | Villager (Male) |
| 23:29 | Build | Mill |
| 23:31 | Create | Villager (Male) |
| 23:31 | Create | Villager (Male) |
| 23:34 | Build | House |
| 23:45 | Build | House |
| 23:46 | Create | Villager (Male) |
| 23:50 | Build | Farm |
| 23:58 | Build | House |
| 24:28 | Build | Market |
Build order — Oni.DauT
147 actions detected in the replay
| 0:01 | Create | Villager (Male) ×3 |
| 0:02 | Build | House |
| 0:04 | Research | Loom |
| 0:05 | Create | Villager (Male) ×3 |
| 0:06 | Build | House |
| 1:22 | Create | Villager (Male) |
| 1:22 | Create | Villager (Male) |
| 1:42 | Build | Lumber Camp |
| 1:51 | Create | Villager (Male) |
| 2:20 | Create | Villager (Male) |
| 2:50 | Create | Villager (Male) |
| 2:59 | Create | Villager (Male) |
| 3:35 | Create | Villager (Male) |
| 3:49 | Build | House |
| 4:02 | Create | Villager (Male) |
| 4:02 | Create | Villager (Male) |
| 4:29 | Create | Villager (Male) |
| 4:29 | Create | Villager (Male) |
| 4:31 | Build | Mining Camp |
| 4:36 | Create | Villager (Male) |
| 4:36 | Create | Villager (Male) |
| 5:50 | Create | Villager (Male) |
| 6:02 | Build | House |
| 6:36 | Research | Feudal Age |
| 7:50 | Build | Barracks |
| 8:02 | Create | Villager (Male) |
| 8:46 | Age | Feudal Age |
| 8:48 | Build | Archery Range |
| 9:01 | Build | Palisade Gate |
| 9:10 | Create | Villager (Male) |
| 9:16 | Build | House |
| 9:31 | Research | Double-Bit Axe |
| 9:34 | Create | Villager (Male) |
| 9:37 | Create | Archer |
| 9:59 | Build | Archery Range |
| 10:03 | Create | Archer |
| 10:04 | Create | Villager (Male) |
| 10:20 | Create | Villager (Male) |
| 10:29 | Build | House |
| 10:37 | Create | Archer |
| 10:40 | Create | Archer |
| 10:47 | Create | Villager (Male) |
| 11:04 | Create | Archer |
| 11:15 | Create | Villager (Male) |
| 11:18 | Create | Archer |
| 11:23 | Build | Mill |
| 11:30 | Build | House |
| 11:37 | Build | House |
| 11:38 | Create | Archer |
| 11:38 | Create | Archer |
| 11:52 | Create | Villager (Male) |
| 11:57 | Create | Archer |
| 12:01 | Create | Villager (Male) |
| 12:13 | Build | Blacksmith |
| 12:30 | Create | Archer |
| 12:36 | Create | Villager (Male) |
| 12:49 | Create | Archer |
| 12:59 | Build | Mill |
| 13:00 | Research | Fletching |
| 13:01 | Create | Archer |
| 13:02 | Create | Archer |
| 13:15 | Create | Archer |
| 13:24 | Build | House |
| 13:29 | Create | Villager (Male) |
| 13:31 | Create | Archer |
| 14:00 | Create | Archer |
| 14:01 | Build | House |
| 14:05 | Create | Villager (Male) |
| 14:52 | Create | Villager (Male) |
| 14:58 | Create | Villager (Male) |
| 14:59 | Create | Archer |
| 15:05 | Create | Villager (Male) |
| 15:12 | Create | Archer |
| 15:23 | Create | Archer |
| 15:38 | Create | Archer |
| 15:48 | Create | Villager (Male) |
| 15:50 | Build | Farm |
| 15:58 | Create | Archer |
| 16:12 | Create | Villager (Male) |
| 16:16 | Create | Archer |
| 16:17 | Create | Archer |
| 16:21 | Build | Farm |
| 16:27 | Build | Lumber Camp |
| 16:37 | Create | Villager (Male) |
| 16:49 | Create | Villager (Male) |
| 16:52 | Create | Archer |
| 17:03 | Create | Villager (Male) |
| 17:04 | Create | Villager (Male) |
| 17:06 | Build | Stone Wall |
| 17:09 | Build | Watch Tower |
| 17:13 | Create | Villager (Male) |
| 17:15 | Build | Stone Wall |
| 17:19 | Build | House |
| 17:21 | Create | Archer |
| 17:26 | Create | Villager (Male) |
| 17:38 | Build | House |
| 17:43 | Create | Villager (Male) |
| 17:52 | Create | Archer |
| 18:01 | Create | Villager (Male) |
| 18:05 | Build | Archery Range |
| 18:07 | Build | Archery Range |
| 18:19 | Build | Farm |
| 18:20 | Create | Villager (Male) |
| 18:27 | Build | Market |
| 18:33 | Create | Villager (Male) |
| 18:35 | Build | Farm |
| 18:42 | Create | Archer |
| 18:42 | Create | Archer |
| 19:08 | Create | Skirmisher |
| 19:09 | Create | Skirmisher |
| 19:15 | Build | Farm |
| 19:16 | Build | Farm |
| 19:51 | Create | Skirmisher |
| 19:52 | Create | Skirmisher |
| 19:57 | Create | Skirmisher |
| 20:22 | Create | Villager (Male) |
| 20:24 | Build | Farm |
| 20:35 | Create | Archer |
| 21:06 | Create | Villager (Male) |
| 21:18 | Create | Archer |
| 21:19 | Create | Archer |
| 21:30 | Create | Villager (Male) |
| 21:36 | Create | Archer |
| 21:42 | Build | Farm |
| 21:50 | Build | Farm |
| 22:24 | Create | Villager (Male) |
| 22:31 | Build | Palisade Wall |
| 22:33 | Build | Palisade Wall |
| 22:36 | Build | Palisade Wall |
| 22:43 | Create | Archer |
| 22:44 | Create | Villager (Male) |
| 22:54 | Build | House |
| 22:57 | Create | Archer |
| 22:57 | Create | Archer |
| 23:01 | Create | Villager (Male) |
| 23:26 | Create | Archer |
| 23:37 | Create | Villager (Male) |
| 23:51 | Create | Villager (Male) |
| 24:05 | Create | Archer |
| 24:05 | Create | Archer |
| 24:08 | Create | Villager (Male) |
| 24:28 | Build | House |
| 24:30 | Build | Palisade Wall |
| 24:49 | Create | Villager (Male) |
| 27:50 | Build | Gate |
| 27:53 | Build | Gate |
| 29:50 | Build | Town Center |
Build order — WackieChan_
First 150 of 239 actions detected
| 0:01 | Create | Villager (Male) |
| 0:01 | Create | Villager (Male) |
| 0:02 | Build | House |
| 0:03 | Build | House |
| 0:08 | Create | Villager (Male) |
| 0:08 | Create | Villager (Male) |
| 1:24 | Create | Villager (Male) |
| 1:24 | Create | Villager (Male) |
| 1:24 | Create | Villager (Male) |
| 1:46 | Create | Villager (Male) |
| 1:46 | Create | Villager (Male) |
| 1:46 | Create | Villager (Male) |
| 2:04 | Create | Villager (Male) |
| 2:04 | Create | Villager (Male) |
| 2:11 | Build | House |
| 2:17 | Build | Palisade Gate |
| 2:30 | Build | Palisade Gate |
| 2:39 | Build | Palisade Wall |
| 2:47 | Build | Palisade Gate |
| 2:51 | Create | Villager (Male) |
| 2:51 | Create | Villager (Male) |
| 2:52 | Create | Villager (Male) |
| 2:57 | Create | Villager (Male) |
| 2:57 | Create | Villager (Male) |
| 2:57 | Create | Villager (Male) |
| 3:14 | Create | Villager (Male) |
| 3:15 | Create | Villager (Male) |
| 3:46 | Create | Villager (Male) |
| 3:46 | Create | Villager (Male) |
| 3:46 | Create | Villager (Male) |
| 4:21 | Create | Villager (Male) |
| 4:21 | Create | Villager (Male) |
| 4:21 | Create | Villager (Male) |
| 4:36 | Build | Lumber Camp |
| 5:03 | Create | Villager (Male) |
| 5:03 | Create | Villager (Male) |
| 5:37 | Create | Villager (Male) |
| 5:37 | Create | Villager (Male) |
| 6:19 | Build | House |
| 6:36 | Create | Villager (Male) |
| 6:36 | Create | Villager (Male) |
| 6:43 | Build | House |
| 6:55 | Create | Villager (Male) |
| 6:55 | Create | Villager (Male) |
| 6:55 | Create | Villager (Male) |
| 7:09 | Build | Mill |
| 8:05 | Build | Farm |
| 8:21 | Create | Villager (Male) |
| 8:39 | Research | Feudal Age |
| 8:39 | Research | Feudal Age |
| 8:42 | Build | Mining Camp |
| 9:53 | Build | Farm |
| 10:04 | Create | Villager (Male) |
| 10:04 | Create | Villager (Male) |
| 10:48 | Build | Farm |
| 10:54 | Build | Farm |
| 11:22 | Age | Feudal Age |
| 11:26 | Build | Market |
| 11:29 | Build | Blacksmith |
| 12:20 | Research | Castle Age |
| 12:32 | Research | Double-Bit Axe |
| 12:32 | Research | Double-Bit Axe |
| 12:32 | Research | Double-Bit Axe |
| 12:48 | Research | Horse Collar |
| 12:48 | Research | Horse Collar |
| 12:48 | Research | Horse Collar |
| 12:52 | Build | Farm |
| 12:53 | Build | Farm |
| 12:56 | Build | Farm |
| 13:55 | Create | Villager (Male) |
| 14:03 | Build | House |
| 14:04 | Build | Mining Camp |
| 15:00 | Age | Castle Age |
| 15:04 | Create | Villager (Male) |
| 15:11 | Research | Fletching |
| 15:11 | Research | Fletching |
| 15:11 | Research | Fletching |
| 15:26 | Research | Loom |
| 15:38 | Build | Castle |
| 15:39 | Create | Villager (Male) |
| 15:39 | Create | Villager (Male) |
| 16:05 | Research | Bodkin Arrow |
| 16:05 | Research | Bodkin Arrow |
| 16:06 | Research | Bodkin Arrow |
| 16:12 | Create | Villager (Male) |
| 16:21 | Build | Siege Workshop |
| 16:46 | Create | Longbowman |
| 16:46 | Create | Longbowman |
| 16:46 | Create | Longbowman |
| 16:56 | Build | Lumber Camp |
| 16:58 | Create | Villager (Male) |
| 17:12 | Create | Longbowman |
| 17:13 | Create | Longbowman |
| 17:26 | Create | Mangonel |
| 17:37 | Create | Villager (Male) |
| 17:37 | Create | Villager (Male) |
| 17:41 | Create | Longbowman |
| 17:41 | Create | Longbowman |
| 18:04 | Create | Villager (Male) |
| 18:04 | Create | Villager (Male) |
| 18:05 | Build | Farm |
| 18:08 | Create | Longbowman |
| 18:08 | Create | Longbowman |
| 18:22 | Create | Longbowman |
| 18:22 | Create | Longbowman |
| 18:31 | Create | Villager (Male) |
| 18:31 | Create | Villager (Male) |
| 18:33 | Create | Longbowman |
| 18:33 | Create | Longbowman |
| 18:33 | Create | Longbowman |
| 19:06 | Create | Longbowman |
| 19:08 | Create | Villager (Male) |
| 19:12 | Create | Battering Ram |
| 19:24 | Create | Villager (Male) |
| 19:29 | Build | Lumber Camp |
| 19:37 | Research | Padded Archer Armor |
| 19:37 | Research | Padded Archer Armor |
| 19:37 | Research | Padded Archer Armor |
| 19:38 | Create | Longbowman |
| 19:38 | Create | Longbowman |
| 19:38 | Create | Longbowman |
| 19:52 | Create | Longbowman |
| 19:53 | Create | Longbowman |
| 19:53 | Create | Longbowman |
| 19:54 | Create | Villager (Male) |
| 19:54 | Create | Villager (Male) |
| 19:54 | Create | Villager (Male) |
| 20:18 | Create | Longbowman |
| 20:24 | Create | Villager (Male) |
| 20:24 | Create | Villager (Male) |
| 20:31 | Create | Longbowman |
| 21:03 | Create | Mangonel |
| 21:03 | Create | Mangonel |
| 21:06 | Build | Farm |
| 21:08 | Create | Villager (Male) |
| 21:08 | Create | Villager (Male) |
| 21:09 | Create | Villager (Male) |
| 21:11 | Build | Farm |
| 21:12 | Build | Farm |
| 21:12 | Build | Farm |
| 21:16 | Build | Farm |
| 21:17 | Build | Farm |
| 21:17 | Build | Farm |
| 21:19 | Build | Farm |
| 21:22 | Create | Longbowman |
| 21:28 | Create | Villager (Male) |
| 21:50 | Create | Mangonel |
| 21:52 | Create | Villager (Male) |
| 21:54 | Build | House |
| 21:54 | Build | House |
Match timeline
| 2:39 | WackieChan_ · wall_segment Palisade Wall x1 |
| 4:30 | JustSomePlayer · wall_segment Palisade Wall x1 |
| 4:32 | JustSomePlayer · wall_segment Palisade Wall x1 |
| 4:35 | JustSomePlayer · wall_segment Palisade Wall x1 |
| 7:50 | Oni.DauT · first_building Barracks |
| 8:19 | Oni.JorDan_AoE · age_up feudal |
| 8:25 | Oni.Nego · age_up feudal |
| 8:26 | JustSomePlayer · first_building Barracks |
| 8:46 | Oni.DauT · age_up feudal |
| 8:48 | Oni.DauT · first_building Archery Range |
| 10:06 | Oni.TheViper · age_up feudal |
| 10:47 | Oni.TheViper · first_market_sell 100 stone |
| 11:01 | JustSomePlayer · age_up feudal |
| 11:02 | JustSomePlayer · first_building Stable |
| 11:22 | WackieChan_ · age_up feudal |
| 12:19 | WackieChan_ · first_market_sell 100 stone |
| 13:36 | Oni.TheViper · age_up castle |
| 13:39 | Oni.TheViper · first_building Castle |
| 14:04 | Oni.TheViper · first_building Monastery |
| 14:34 | Oni.JorDan_AoE · wall_segment Palisade Wall x1 |
| 14:53 | Oni.TheViper · wall_segment Palisade Wall x1 |
| 14:53 | Oni.TheViper · wall_segment Palisade Wall x1 |
| 15:00 | WackieChan_ · age_up castle |
| 15:38 | WackieChan_ · first_building Castle |
| 16:21 | WackieChan_ · first_building Siege Workshop |
| 16:21 | Oni.TheViper · wall_segment Palisade Wall x1 |
| 16:22 | Oni.TheViper · wall_segment Palisade Wall x1 |
| 16:38 | Oni.TheViper · wall_segment Palisade Wall x1 |
| 16:39 | Oni.TheViper · wall_segment Palisade Wall x1 |
| 16:40 | Oni.TheViper · wall_segment Palisade Wall x1 |
| 17:06 | Oni.DauT · wall_segment Stone Wall x7 |
| 17:15 | Oni.DauT · wall_segment Stone Wall x1 |
| 17:22 | Oni.JorDan_AoE · first_market_sell 100 stone |
| 17:23 | WackieChan_ · first_market_buy 100 wood |
| 17:49 | Oni.JorDan_AoE · wall_segment Palisade Wall x1 |
| 17:51 | Oni.TheViper · wall_segment Palisade Wall x1 |
| 19:13 | Oni.JorDan_AoE · age_up castle |
| 19:15 | Oni.TheViper · first_market_buy 100 food |
| 19:27 | Oni.DauT · first_market_sell 100 wood |
| 20:21 | Oni.JorDan_AoE · wall_segment Palisade Wall x1 |
| 20:25 | Oni.JorDan_AoE · wall_segment Palisade Wall x1 |
| 20:54 | JustSomePlayer · first_market_buy 100 food |
| 22:31 | Oni.DauT · wall_segment Palisade Wall x1 |
| 22:33 | Oni.DauT · wall_segment Palisade Wall x1 |
| 22:36 | Oni.DauT · wall_segment Palisade Wall x1 |
| 23:48 | JustSomePlayer · age_up castle |
| 24:01 | JustSomePlayer · first_building Monastery |
| 24:17 | Oni.DauT · first_market_buy 100 wood |
| 24:30 | Oni.DauT · wall_segment Palisade Wall x1 |
| 25:07 | Oni.Nego · first_market_sell 500 stone |
| 25:08 | Oni.Nego · first_market_buy 100 food |
| 26:17 | JustSomePlayer · first_building Castle |
| 26:42 | Oni.Nego · first_building Barracks |
| 26:50 | Oni.JorDan_AoE · first_market_buy 100 stone |
| 26:51 | Oni.JorDan_AoE · first_building Castle |
| 27:15 | JustSomePlayer · first_building Siege Workshop |
| 27:37 | Oni.Nego · first_building Stable |
| 28:16 | JustSomePlayer · age_up imperial |
| 28:32 | Oni.Nego · age_up castle |
| 28:53 | JustSomePlayer · first_market_sell 100 stone |
| 29:01 | Oni.JorDan_AoE · first_building Barracks |
| 29:37 | Oni.JorDan_AoE · first_building Stable |
| 29:47 | Oni.JorDan_AoE · first_building Siege Workshop |
| 30:06 | Oni.JorDan_AoE · wall_segment Stone Wall x3 |
| 30:44 | Oni.JorDan_AoE · age_up imperial |
| 32:09 | Oni.TheViper · resign |
[ AI ANALYSIS · 1 CREDIT ]
What really happened in this match?
Wolo.gg analyzes every decision: build order, eco, micro, common mistakes by bracket. Personalized analysis on WhatsApp or Discord in 30 seconds.
Civ guide
Portuguese
Perfil
Jugador #196240